 Seeded DCSS version 0.29-a0-2-g12fcac58f8 (webtiles) character file.

Game seed: 15814994978132999474 (custom seed)

83186 wilfster70 the Severer (level 15, -13/126 HPs)
             Began as a Minotaur Fighter on Jan 26, 2022.
             Was the Champion of Okawaru.
             Mangled by a cyclops (23 damage)
             ... summoned by a boggart
             ... on level 14 of the Dungeon.
             The game lasted 00:46:01 (18586 turns).

wilfster70 the Severer (Minotaur Fighter)          Turns: 18586, Time: 00:46:01

Health: -13/126    AC: 27    Str: 24    XL:     15   Next: 31%
Magic:  19/19      EV: 11    Int: 11    God:    Okawaru [******]
Gold:   823        SH: 12    Dex: 18    Spells: 14/14 levels left

rFire   + . .      SeeInvis .   a - +4 broad axe of Discretion {vorpal, Dex+3}
rCold   . . .      Faith    .   k - +0 kite shield "Naneric" {Slay+3}
rNeg    + . .      Spirit   .   B - +3 plate armour {rPois}
rPois   +          Reflect  .   v - +0 hat of Negation {rElec}
rElec   +          Harm     .   n - +2 cloak {rPois}
rCorr   +          Rampage  .   I - +2 pair of gloves of Quishy {Regen+ Dex+3}
Will    +....                   m - +2 pair of boots
Stlth   ..........              t - amulet of regeneration
HPRegen 1.91/turn               h - ring of positive energy
MPRegen 0.16/turn               x - ring of the Camelopard {rF+ rCorr Str+4}

@: about to teleport
A: horns 2, retaliatory headbutt
a: Renounce Religion, Heroism, Finesse, Duel


You were on level 14 of the Dungeon.
You worshipped Okawaru.
Okawaru was exalted by your worship.
You visited 4 branches of the dungeon, and saw 22 of its levels.
You also visited: Bailey, Gauntlet and Ice Cave.

You collected 2783 gold pieces.
You spent 1960 gold pieces at shops.

Inventory:

Hand Weapons
 a - the +4 broad axe of Discretion (weapon) {vorpal, Dex+3}
   (You acquired it on level 5 of the Lair of Beasts)

   It inflicts extra damage upon your enemies.
   Dex:       It affects your dexterity (+3).
 b - the +9 flail "Jied" {vorpal, rPois rF- Int+2}
   (You found it on level 1 of the Lair of Beasts)

   It inflicts extra damage upon your enemies.
   Int:       It affects your intelligence (+2).
   rF:        It makes you vulnerable to fire.
   rPois:     It protects you from poison.
 T - a +3 fustibalus of flaming
 U - a +0 broad axe of venom
Missiles
 E - 8 datura-tipped darts (quivered)
 L - 2 silver boomerangs
 P - 12 silver javelins
 Q - 2 throwing nets
Armour
 k - the +0 kite shield "Naneric" (worn) {Slay+3}
   (You found it on level 2 of the Dungeon)

   Slay:      It affects your accuracy & damage with ranged weapons and melee
   (+3).
 m - a +2 pair of boots (worn)
 n - a +2 cloak of poison resistance (worn)
 v - the +0 hat of Negation (worn) {rElec}
   (You found it in a Gauntlet)

   rElec:     It insulates you from electricity.
 B - a +3 plate armour of poison resistance (worn)
 I - the +2 pair of gloves of Quishy (worn) {Regen+ Dex+3}
   (Okawaru gifted it to you on level 10 of the Dungeon)

   Dex:       It affects your dexterity (+3).
   Regen:     It increases your rate of health regeneration.
Jewellery
 h - a ring of positive energy (left hand)
 t - an amulet of regeneration (around neck)
 x - the ring of the Camelopard (right hand) {rF+ rCorr Str+4}
   (You found it on level 6 of the Dungeon)

   [ring of protection from fire]

   Str:       It affects your strength (+4).
   rF:        It protects you from fire.
   rCorr:     It protects you from acid and corrosion.
 D - a ring of ice
 K - a ring of see invisible
 M - a +6 ring of intelligence
 O - the ring "Puozeu" {rElec Str+4 Int-5 Dex+6 Stlth+}
   (You found it in a Gauntlet)

   [ring of dexterity]

   Str:       It affects your strength (+4).
   Int:       It affects your intelligence (-5).
   Dex:       It affects your dexterity (+6).
   rElec:     It insulates you from electricity.
   Stlth:     It makes you more stealthy.
 W - a ring of poison resistance
 X - a ring of wizardry
Wands
 f - a wand of acid (6)
 w - a wand of polymorph (13)
 C - a wand of iceblast (5)
 F - a wand of paralysis (11)
 J - a wand of flame (44)
 N - a wand of digging (10)
 Z - a wand of mindburst (2)
Scrolls
 c - 4 scrolls of magic mapping
 j - 4 scrolls of immolation
 q - 3 scrolls of fear
 r - a scroll of identify
 u - 6 scrolls of amnesia
 y - 4 scrolls of blinking
 G - a scroll of fog
 H - 2 scrolls of teleportation
 Y - 3 scrolls of enchant armour
Potions
 d - 5 potions of might
 e - a potion of brilliance
 g - 3 potions of cancellation
 i - 2 potions of haste
 l - 14 potions of curing
 o - 3 potions of magic
 p - 14 potions of heal wounds
 s - 6 potions of mutation
 z - 4 potions of flight
 A - 3 potions of ambrosia
 R - a potion of invisibility
 S - 2 potions of berserk rage
 V - a potion of lignification {unknown}


   Skills:
 - Level 9.9 Fighting
 - Level 18.0 Axes
 + Level 11.7 Throwing
 - Level 9.9 Armour
 - Level 10.6 Dodging
 - Level 9.9 Shields
 - Level 7.7 Invocations
 - Level 10.0 Evocations


You had 14 spell levels left.
You didn't know any spells.
Your spell library contained the following spells:

 Spells                   Type           Power      Damage    Failure   Level
 Beastly Appendage        Tmut           0%         N/A       100%        1
 Magic Dart               Conj           0%         1d3       100%        1
 Sandblast                Erth           0%         2d4       100%        1
 Blink                    Tloc           0%         N/A       100%        2
 Corpse Rot               Necr/Air       0%         N/A       100%        2
 Ensorcelled Hibernation  Hex/Ice        0%         N/A       100%        2
 Passwall                 Tmut/Erth      0%         N/A       100%        2
 Poisonous Vapours        Pois/Air       0%         N/A       100%        2
 Searing Ray              Conj           0%         2d4       100%        2
 Static Discharge         Conj/Air       0%         N/A       100%        2
 Wereblood                Tmut           0%         N/A       100%        2
 Dazzling Flash           Conj/Hex       0%         N/A       100%        3
 Gell's Gravitas          Tloc           0%         N/A       100%        3
 Lesser Beckoning         Tloc           0%         N/A       100%        3
 Spider Form              Tmut/Pois      0%         N/A       100%        3
 Stone Arrow              Conj/Erth      0%         3d7       100%        3
 Swiftness                Air            0%         N/A       100%        3
 Teleport Other           Tloc           0%         N/A       100%        3
 Airstrike                Air            0%         N/A       100%        4
 Anguish                  Hex/Necr       0%         N/A       100%        4
 Dispel Undead            Necr           0%         3d6       100%        4
 Fulminant Prism          Conj/Hex       0%         3d6       100%        4
 Hailstorm                Conj/Ice       0%         3d3       100%        4
 Ice Form                 Ice/Tmut       0%         N/A       100%        4
 Iskenderun's Mystic Bla  Conj/Tloc      0%         2d3       100%        4
 Olgreb's Toxic Radiance  Pois           0%         N/A       100%        4
 Sticky Flame             Conj/Fire      0%         2d3       100%        4
 Blade Hands              Tmut           0%         N/A       100%        5
 Lightning Bolt           Conj/Air       0%         1d11      100%        5
 Iron Shot                Conj/Erth      0%         9d1       100%        6
 Starburst                Conj/Fire      0%         6d3       100%        6
 Ozocubu's Refrigeration  Ice            0%         4d5       100%        7
 Borgnjor's Revivificati  Necr           0%         N/A       100%        8
 Ignition                 Fire           0%         3d3       100%        8
 Necromutation            Tmut/Necr      0%         N/A       100%        8
 Death's Door             Necr           0%         N/A       100%        9
 Animate Armour           Summ/Erth      Unusable   N/A       N/A         4
 Summon Lightning Spire   Summ/Air       Unusable   N/A       N/A         4
 Simulacrum               Ice/Necr       Unusable   N/A       N/A         6

Dungeon Overview and Level Annotations

Branches:
Dungeon (14/15)            Temple (1/1) D:7            Lair (5/6) D:10
  Swamp (0/4) Lair:4        Snake (0/4) Lair:2        Slime (0/5) Lair:5
    Orc (2/2) D:9             Elf (0/3) Orc:2        Vaults (0/5) D:13
 Bailey (visited)           IceCv (visited)         Gauntlet (visited)

Altars:
Ashenzari
Cheibriados
Dithmenos
Elyvilon
Fedhas
Gozag
Hepliaklqana
Kikubaaqudgha
Makhleb
Nemelex Xobeh
Okawaru
Qazlal
Ru
Sif Muna
Trog
Uskayaw
Vehumet
Wu Jian
Xom
Yredelemnul
Zin
The Shining One
Beogh

Shops:
D:2 [   D:6 *=   D:10 (   D:11 [   D:14 ==(   Orc:2 ((:*!

Portals:
Pandemonium: Orc:2

Annotations:
D:11 exclusion: 2 doors


Innate Abilities, Weirdness & Mutations

You have a pair of horns on your head.
You reflexively headbutt those who attack you in melee.


Message History

You closely miss the tengu warrior. You closely miss the centaur warrior.
You slash the tengu warrior! You hit the cyclops. You slice the centaur!!
You kill the centaur!
Okawaru accepts your kill.
You slash the cyan ugly thing!
The rakshasa blinks!
The tengu warrior hits you but does no damage.
The tengu warrior pecks you but does no damage.
You block the tengu warrior's attack.
The centaur warrior hits you but does no damage.
The centaur warrior barely misses you.
You hear some strange, mumbled words.
The tengu warrior hits you with a +0 battleaxe.
You block the tengu warrior's attack. The tengu warrior closely misses you.
The cyan ugly thing stings you but does no damage.
You slice the cyan ugly thing!!
The cyan ugly thing is almost dead.
You slice the cyclops!! You slash the tengu warrior!
You kill the tengu warrior!
The tengu warrior's corpse dissolves into shadows!
You barely miss the centaur warrior. You slice the tengu warrior!!
You kill the tengu warrior!
The tengu warrior's corpse dissolves into shadows!
You slash something!
Reactivating autopickup.
The freezing wraith dissolves into shadows!
The rakshasa gestures at you. The lance of force hits you!!
* * * LOW HITPOINT WARNING * * *
You are knocked back by the lance of force.
You collide with the cyclops!
The cyclops is moderately wounded.
A manticore comes into view.
The centaur warrior hits you but does no damage.
The centaur warrior kicks you.
* * * LOW HITPOINT WARNING * * *
The two-headed ogre hits you but does no damage. x2
You hear some strange, mumbled words.
The basilisk barely misses you. You block the cyan ugly thing's attack.
The cyclops hits you!!
You die...

#+# ##....### ##......##
#......#. ......∩H∩.
#...∩..#. .........
#....(.#. #....9.∩
##+###......#.
#....{.##....########..
....u{#.....##.....#.#
####cOl..§.[...........
.##...cc@C.#...#.#...#...
......)[Cu..#.#...#.#....
.....R§u)#...#.....#...#.
.......$..#..#.....#..#..
###....#...###.....###...
#.....#..#..#...#..#..#
####...###...#.#...###.
#..#...#...# ..#...#
#.#.....#..# .#.....


You could see 3 ugly things, a rakshasa, a centaur warrior, a two-headed ogre
(summoned), a manticore, 2 cyclopes, a basilisk (summoned), a gargoyle
(summoned) and 2 centaurs.

Vanquished Creatures
  Jorgrun (D:12)
  Gastronok (D:12)
  Nessos (Lair:4)
  The ghost of p0werm0de the Thaumaturge, a journeyman VSFi of Cheibriados (Orc:2)
  A minotaur (Gauntlet)
  Fannar (Lair:3)
  5 boulder beetles
  7 hydras
  2 demonspawn (Orc:2)
  4 centaur warriors
  7 two-headed ogres
  5 death yaks
  Urug (Lair:4)
  5 orc high priests (Orc:2)
  Sonja (D:12)
  A fire crab (Gauntlet)
  A deep troll (D:13)
  A sea snake (shapeshifter) (D:13)
  A swamp dragon (Lair:4)
  A bog body (IceCv)
  Pikel (D:8)
  A necromancer (IceCv)
  A wizard (D:13)
  6 orc knights (Orc:2)
  6 orc sorcerers (Orc:2)
  2 ugly things (D:13)
  A cyclops (D:13)
  2 manticores
  A moth of wrath (Orc:2)
  An elephant (Lair:4)
  2 ice statues (IceCv)
  A rust devil (Orc:2)
  A gargoyle (D:10)
  5 torpor snails
  7 black mambas
  2 molten gargoyles (D:13)
  An orange demon (Orc:2)
  2 efreet
  3 rime drakes
  8 cane toads
  A freezing wraith (D:13)
  Psyche (D:11)
  A kobold demonologist (D:12)
  5 komodo dragons
  3 anaconda simulacra (IceCv)
  5 ice devils
  3 entropy weaver simulacra (IceCv)
  A hellwing (Orc:2)
  2 polar bears
  6 trolls
  3 meliai (D:13)
  23 blink frogs
  4 slime creatures
  2 dream sheep (Lair:4)
  A centaur simulacrum (D:12)
  2 dire elephant simulacra (IceCv)
  2 shadows
  2 wyverns
  A vampire (D:9)
  29 yaks
  2 wraiths
  2 fire bats (Gauntlet)
  3 steam dragons
  10 vampire mosquitoes
  A basilisk (Lair:5)
  Edmund (D:6)
  A chaos spawn (Orc:2)
  2 harpy simulacra (IceCv)
  An acid dragon (D:12)
  2 nagas (Lair:2)
  13 water moccasins
  3 ice beasts
  41 orc warriors
  A sky beast (D:8)
  3 black bears
  A necrophage (D:5)
  4 wolves
  3 ogres
  15 centaurs
  3 boggarts (D:14)
  2 lemures (D:8)
  10 kobold brigands
  Blork the orc (D:6)
  22 bullfrogs
  A gnoll sergeant (D:10)
  2 scorpions
  A two-headed ogre simulacrum (IceCv)
  A cane toad simulacrum (IceCv)
  An elephant simulacrum (IceCv)
  12 killer bees
  8 howler monkeys
  8 wights
  2 electric eels
  5 lava snakes (D:13)
  7 centaur zombies
  2 jellies
  28 orc priests
  A centaur skeleton (D:5)
  A hound (D:5)
  Jessica (D:3)
  6 iguanas
  20 orc wizards
  A polar bear simulacrum (IceCv)
  A spriggan simulacrum (IceCv)
  8 adders
  4 gnolls
  2 shadow imps
  10 white imps
  2 ufetubi
  An adder zombie (D:5)
  An adder skeleton (D:5)
  A worm (D:2)
  3 dart slugs
  77 orcs
  4 bats
  4 endoplasms
  4 giant cockroaches
  13 goblins
  9 hobgoblins
  6 jackals (D:1)
  5 quokkas
  5 ball pythons
  3 frilled lizards
  23 kobolds
  5 rats
  A spectral goblin (D:11)
646 creatures vanquished.

Vanquished Creatures (others)
  An orc wizard (D:12)
  An orc (D:8)
  6 fungi
  22 plants
30 creatures vanquished.

Grand Total: 676 creatures vanquished

Notes
Turn   | Place    | Note
-------+----------+-------------------------------------------
     0 | D:1      | wilfster70 the Minotaur Fighter began the quest for the
                  | Orb.
     0 | D:1      | Reached XP level 1. HP: 19/19 MP: 0/0
   181 | D:1      | Reached XP level 2. HP: 27/27 MP: 1/1
   188 | D:1      | Reached skill level 3 in Axes
   477 | D:1      | Reached XP level 3. HP: 23/33 MP: 2/2
   852 | D:1      | Found a faded altar of an unknown god.
  1399 | D:2      | Identified the +0 kite shield "Naneric" {Slay+3}
  1521 | D:2      | Reached XP level 4. HP: 37/40 MP: 3/3
  1581 | D:2      | Found Seluut's Armour Shop.
  1584 | D:2      | Bought a +0 pair of boots for 54 gold pieces
  1875 | D:3      | Reached skill level 4 in Axes
  2147 | D:3      | Noticed Jessica
  2155 | D:3      | Killed Jessica
  2156 | D:3      | Reached XP level 5. HP: 43/47 MP: 4/4
  2162 | D:3      | Got Jessica's Papyrus of Dislocation
  2166 | D:3      | Reached skill level 10 in Axes
  2166 | D:3      | Reached XP level 6. HP: 58/61 MP: 5/5
  2167 | D:3      | Reached skill level 12 in Axes
  2167 | D:3      | Reached XP level 7. HP: 66/70 MP: 6/6
  3583 | D:5      | Entered Level 5 of the Dungeon
  3773 | D:5      | Reached XP level 8. HP: 68/78 MP: 7/7
  4179 | D:2      | Bought a +2 cloak of poison resistance for 222 gold pieces
  4537 | D:6      | Found Limiss's Sacrilege Store.
  4802 | D:6      | Reached XP level 9. HP: 85/85 MP: 8/8
  4845 | D:6      | Noticed Blork the orc
  4855 | D:6      | Killed Blork the orc
  4862 | D:6      | Identified the ring of the Camelopard {rF+ rCorr Str+4}
  4919 | D:6      | Noticed Edmund
  4929 | D:6      | Killed Edmund
  5071 | D:6      | Reached skill level 13 in Axes
  5091 | D:6      | Found Lanasm's Jewellery Shop.
  5162 | D:7      | Found a staircase to the Ecumenical Temple.
  5181 | Temple   | Entered the Ecumenical Temple
  5466 | Temple   | Became a worshipper of Warmaster Okawaru
  6005 | D:7      | Found a glowing golden altar of the Shining One.
  6146 | D:8      | Reached skill level 1 in Invocations
  6299 | D:8      | Noticed a two-headed ogre
  6303 | D:8      | Killed a two-headed ogre
  6303 | D:8      | Reached * piety under Okawaru
  6480 | D:8      | Reached XP level 10. HP: 88/93 MP: 10/10
  6511 | D:8      | Reached ** piety under Okawaru
  6512 | D:8      | Noticed Pikel
  6521 | D:8      | Killed Pikel
  6704 | D:9      | Reached skill level 14 in Axes
  6787 | D:9      | Reached *** piety under Okawaru
  7014 | D:9      | Found a staircase to the Orcish Mines.
  7115 | D:9      | Found a flagged portal.
  7137 | Bailey   | Entered a bailey
  7390 | Bailey   | Found an iron altar of Okawaru.
  7596 | D:9      | Reached **** piety under Okawaru
  7672 | D:9      | Reached skill level 15 in Axes
  7991 | D:10     | Entered Level 10 of the Dungeon
  8000 | D:10     | Reached XP level 11. HP: 89/99 MP: 13/13
  8122 | D:10     | Reached skill level 5 in Invocations
  8183 | D:10     | Noticed a two-headed ogre
  8192 | D:10     | Killed a two-headed ogre
  8192 | D:10     | Reached ***** piety under Okawaru
  8198 | D:10     | Noticed a two-headed ogre
  8203 | D:10     | Killed a two-headed ogre
  8204 | D:10     | Reached skill level 16 in Axes
  8303 | D:10     | Noticed a centaur warrior
  8313 | D:10     | Killed a centaur warrior
  8492 | D:10     | Found Piwut's Weapon Shop.
  8503 | D:10     | Found a staircase to the Lair.
  8576 | D:10     | Reached skill level 1 in Dodging
  8582 | D:10     | Identified the +2 pair of gloves of Quishy {Regen+ Dex+3}
                  | (Okawaru gifted it to you on level 10 of the Dungeon)
  8582 | D:10     | Received a gift from Okawaru
  8763 | D:11     | Identified the +2 pair of gloves of the Well-Known Places
                  | {Will+}
  8946 | D:11     | Found Toupp's Antique Armour Shop.
  8955 | D:11     | Bought a shiny plate armour for 650 gold pieces
  8977 | D:11     | Found a hazy altar of Hepliaklqana.
  9078 | D:11     | Noticed a seven-headed hydra
  9114 | D:11     | Noticed a seven-headed hydra
  9139 | Lair:1   | Entered Level 1 of the Lair of Beasts
  9432 | D:11     | Killed a seven-headed hydra
  9433 | D:11     | Reached skill level 5 in Dodging
  9523 | D:11     | Noticed Psyche
  9531 | D:11     | Killed Psyche
  9536 | D:11     | Reached XP level 12. HP: 106/106 MP: 16/16
  9606 | D:11     | Killed a seven-headed hydra
  9736 | D:12     | Noticed a two-headed ogre
  9746 | D:12     | Killed a two-headed ogre
  9811 | D:12     | Found a frozen archway.
  9822 | IceCv    | Entered an ice cave
 10413 | IceCv    | Reached skill level 1 in Evocations
 10504 | IceCv    | Reached skill level 10 in Dodging
 10657 | D:12     | Noticed Gastronok
 10668 | D:12     | Reached ****** piety under Okawaru
 10675 | D:12     | Killed Gastronok
 10702 | D:12     | Noticed Sonja
 10708 | D:12     | Received a gift from Okawaru
 10713 | D:12     | Killed Sonja
 10866 | D:12     | Noticed a two-headed ogre
 10875 | D:12     | Killed a two-headed ogre
 10932 | D:12     | Noticed Jorgrun
 10949 | D:12     | Killed Jorgrun
 11011 | D:12     | Reached XP level 13. HP: 78/113 MP: 17/17
 11519 | Lair:1   | Identified the +9 flail "Jied" {vorpal, rPois rF- Int+2}
 11567 | Lair:1   | Reached skill level 5 in Evocations
 11902 | Lair:1   | Found an ornate altar of the Wu Jian Council.
 11904 | Lair:1   | Found a hide-covered altar of Uskayaw.
 12264 | Lair:2   | Reached skill level 17 in Axes
 12409 | Lair:2   | Found a snail-covered altar of Cheibriados.
 12443 | Lair:2   | Identified the +1 plate armour "Xyinu" {Harm} (Okawaru
                  | gifted it to you on level 2 of the Lair of Beasts)
 12443 | Lair:2   | Received a gift from Okawaru
 12728 | Lair:2   | Found a staircase to the Snake Pit.
 12932 | Lair:2   | Identified the +0 ring mail of Tater {Str+5}
 13138 | Lair:3   | Found a gate leading to a gauntlet.
 13149 | Gauntlet | Entered a Gauntlet
 13149 | Gauntlet | Found a transporter.
 13149 | Gauntlet | Found a transporter.
 13154 | Gauntlet | Found a transporter.
 13154 | Gauntlet | Found a transporter.
 13154 | Gauntlet | Found a transporter.
 13154 | Gauntlet | Found a transporter.
 13189 | Gauntlet | Found a runed translucent door.
 13201 | Gauntlet | Found a transporter.
 13201 | Gauntlet | Found a transporter.
 13204 | Gauntlet | Found a transporter.
 13235 | Gauntlet | Identified the +0 hat of Negation {rElec}
 13248 | Gauntlet | Found a transporter.
 13273 | Gauntlet | Identified the ring "Puozeu" {rElec Str+4 Int-5 Dex+6
                  | Stlth+}
 13275 | Gauntlet | Found a transporter.
 13317 | Gauntlet | Noticed a minotaur
 13328 | Gauntlet | Killed a minotaur
 13498 | Lair:3   | Noticed Fannar
 13525 | Lair:3   | Killed Fannar
 13579 | Lair:3   | Reached skill level 18 in Axes
 14012 | Lair:4   | Found a staircase to the Swamp.
 14032 | Lair:4   | Reached XP level 14. HP: 119/119 MP: 18/18
 14369 | Lair:4   | Noticed Nessos
 14379 | Lair:4   | Killed Nessos
 14453 | Lair:4   | Noticed Urug
 14474 | Lair:4   | Killed Urug
 14474 | Lair:4   | Received a gift from Okawaru
 14617 | Lair:4   | Reached skill level 10 in Evocations
 14617 | Lair:4   | Reached skill level 1 in Throwing
 14820 | Lair:4   | Received a gift from Okawaru
 15025 | Orc:1    | Entered Level 1 of the Orcish Mines
 15028 | Orc:1    | You fall into a shaft and drop 1 floor!
 15028 | Orc:2    | Entered Level 2 of the Orcish Mines
 15028 | Orc:2    | Found a staircase to the Elven Halls.
 15426 | Orc:2    | Found Pejae's Weapon Shoppe.
 15599 | Orc:2    | Found Tiataj's Distillery.
 15611 | Orc:2    | Found Cedyg's General Store.
 15615 | Orc:2    | Reached skill level 5 in Throwing
 15662 | Orc:2    | Received a gift from Okawaru
 15672 | Orc:2    | Bought a potion of invisibility for 128 gold pieces
 15672 | Orc:2    | Bought a potion of berserk rage for 80 gold pieces
 15674 | Orc:2    | Bought a potion of heal wounds for 50 gold pieces
 15674 | Orc:2    | Bought a potion of curing for 30 gold pieces
 15674 | Orc:2    | Bought a potion of cancellation for 80 gold pieces
 15830 | Orc:2    | Paralysed by an orc sorcerer for 5 turns
 15913 | Orc:2    | Found Haokuhoch's Antique Weapon Boutique.
 15913 | Orc:2    | Found Fungycacaw's Book Shop.
 15914 | Orc:2    | Found a one-way gate leading to the halls of Pandemonium.
 15918 | Orc:2    | Bought a glowing fustibalus for 666 gold pieces
 16031 | Orc:2    | Found a transporter.
 16035 | Orc:2    | Noticed p0werm0de's ghost (journeyman VSFi)
 16036 | Orc:2    | Identified the +5 scale mail "Dofykiaf" {rF+}
 16036 | Orc:2    | Found the +3 hat of Pondering {ponderous, Will+ MP+10
                  | Int+5}
 16037 | Orc:2    | Found a bloodstained altar of Trog.
 16038 | Orc:2    | Found a transporter.
 16324 | Orc:2    | Killed p0werm0de's ghost
 16324 | Orc:2    | Received a gift from Okawaru
 16627 | Lair:5   | Identified a scroll of acquirement
 16627 | Lair:5   | Acquired the +4 broad axe of Discretion {vorpal, Dex+3}
 16732 | Lair:5   | Found a staircase to the Slime Pits.
 16738 | Lair:5   | Received a gift from Okawaru
 16850 | Lair:5   | Reached XP level 15. HP: 126/126 MP: 19/19
 17581 | D:13     | Reached skill level 10 in Throwing
 17720 | D:13     | Found a gate to the Vaults.
 18429 | D:14     | Found Bopn's Jewellery Boutique.
 18468 | D:14     | Found Wotsal's Antique Weapon Boutique.
 18566 | D:14     | Found Eckeag's Jewellery Shoppe.
 18569 | D:14     | Identified the +0 cloak "Duixkat" {Rampage rF- Str+4 SInv}
                  | (Okawaru gifted it to you on level 14 of the Dungeon)
 18569 | D:14     | Received a gift from Okawaru
 18586 | D:14     | Mangled by a cyclops

Illustrated notes

Levels and vault maps discovered:
D:1:      lightli_arrival_statue_moat, layout_basic,
          dilly_ecumenical_altar_fadedgnrine
D:2:      layout_basic, serial_shops, nicolae_shop_behind_doors, hex_tiny
D:3:      layout_basic, kennysheep_jessica_study
D:4:      layout_layer_cave
D:5:      layout_rooms, minmay_fountain_box, minmay_pentangle
D:6:      layout_rooms, serial_shops, shop, nicolae_evil_shop, uniq_edmund,
          uniq_blork_the_orc
D:7:      layout_loops_cross, nicolae_overflow_crystal_walls,
          minmay_temple_entry_waves
D:8:      layout_rooms, chequers_arboretum, grunt_ministairs_8, uniq_pikel
D:9:      layout_roguey, minmay_orc_entry_temple_small, enter_bailey_5
D:10:     wad_guarded_room, layout_rooms, serial_shops, nicolae_shop_stone
D:11:     layout_roguey, serial_shops, nicolae_shop_overgrown_old_shop,
          nicolae_hepliaklqana_monster_ancestors, uniq_psyche
D:12:     layout_roguey, serial_ice, serial_ice_c, serial_ice_h, serial_ice_b,
          serial_ice_m, portal_ice_cave_rime, uniq_gastronok, uniq_jorgrun,
          uniq_sonja
D:13:     cheibrodos_magma_flow, layout_basic, david_vaults_4,
          serial_corexii_hall, chequers_hall_statues_wall_a,
          chequers_hall_statues_corner_a, minmay_orc_keep
D:14:     layout_gridville, minmay_splitting_lines, serial_shops,
          nicolae_shop_hallway_stairs, nicolae_shop_behind_doors, shop,
          nicolae_shop_competitors_out_of_business, shop, tso_oasis_becter
Temple:   mainiacjoe_temple_starburst
Lair:1:   layout_regular_city, cheibrodos_lair_caveside_slide,
          nzn_masters_of_martial_movement, grunt_megastairs_1,
          serial_bayou_shore_a, infiniplex_staircase_pool
Lair:2:   layout_small_grid, guppyfry_snake_entry_garden,
          kennysheep_snail_temple
Lair:3:   layout_loops_ring, gauntlet_entry_generic, serial_bayou_pond_d,
          grunt_megastairs_5, uniq_fannar
Lair:4:   nzn_winding_woodlands_stair_cross [nzn_winding_woodlands_5x15_parted,
          nzn_winding_woodlands_center_lodge, nzn_winding_woodlands_5x15_twine,
          nzn_winding_woodlands_hourglass, nzn_winding_woodlands_5x5_perimeter,
          nzn_winding_woodlands_5x15_pool, nzn_winding_woodlands_center_garden,
          nzn_winding_woodlands_5x15_default], layout_hall_layers,
          minmay_swamp_entry_reptiles, chequers_serial_rivers_room_b,
          fungi_pond_lemuel, uniq_nessos, uniq_urug
Lair:5:   layout_concentric_octagons, slime_dummy, nzn_sisyphean_effort
Orc:1:    layout_caves, basic_altar
Orc:2:    pf_orc_diabolical, layout_caves, serial_shops, shop,
          gammafunk_ghost_wrathful_warriors

Skill      XL: |  1  2  3  4  5  6  7  8  9 10 11 12 13 14 15 |
---------------+----------------------------------------------+-----
Axes           | 3 4 10 12 13 15 16 18 | 18.0
Fighting       | 4 7 9 |  9.9
Shields        | 4 7 9 |  9.9
Armour         | 4 7 9 |  9.9
Invocations    | 2 4 7 |  7.7
Dodging        | 5 10 | 10.6
Evocations     | 3 8 10 | 10.0
Throwing       | 9 11 | 11.7

Action                   |  1- 3 |  4- 6 |  7- 9 | 10-12 | 13-15 || total
-------------------------+-------+-------+-------+-------+-------++-------
Melee: War axe           |   110 |    31 |   205 |   346 |       ||   692
       Headbutt          |    16 |     5 |    32 |    82 |   212 ||   347
       Flail             |       |       |       |    12 |    78 ||    90
       Broad axe         |       |       |       |    17 |   798 ||   815
Invok: Heroism           |       |       |       |     7 |     6 ||    13
       Finesse           |       |       |       |       |     4 ||     4
Evoke: Wand              |       |       |       |       |     4 ||     4
  Use: Potion            |       |     2 |       |       |       ||     2
       Scroll            |       |       |    16 |    10 |     6 ||    32
 Stab: Paralysed         |       |       |       |     3 |     3 ||     6
       Petrifying        |       |       |       |     1 |       ||     1
Armor: Scale mail        |    58 |       |       |       |       ||    58
       Chain mail        |       |     8 |     9 |       |       ||    17
       Plate armour      |       |       |    95 |   241 |   542 ||   878
Dodge: Dodged            |    45 |     9 |    43 |    85 |   333 ||   515
Block: Buckler           |    36 |       |       |       |       ||    36
       Kite shield       |     1 |    21 |   105 |   220 |   470 ||   817

Table legend: (Time is in decaauts)
 A = Elapsed time spent in this place.
 B = Non-inter-level travel time spent in this place.
 C = Inter-level travel time spent in this place.
 D = Time resting spent in this place.
 E = Time spent auto-exploring this place.
 F = Levels seen in this place.
 G = Mean time per level.
                   A        B        C        D        E       F      G
               +--------+--------+--------+--------+--------+-----+--------+
         Total |  18495 |  17105 |   1390 |   1847 |   9417 |  25 |  739.8 |
       Dungeon |  11105 |  10177 |    928 |   1118 |   5810 |  14 |  793.2 |
        Temple |    341 |    285 |     56 |      0 |    265 |   1 |  341.0 |
          Lair |   4424 |   4096 |    328 |    137 |   2627 |   5 |  884.8 |
  Orcish Mines |   1334 |   1257 |     77 |     33 |    664 |   2 |  667.0 |
        Bailey |    344 |    344 |      0 |    191 |     40 |   1 |  344.0 |
      Ice Cave |    759 |    759 |      0 |    368 |     11 |   1 |  759.0 |
      Gauntlet |    186 |    186 |      0 |      0 |      0 |   1 |  186.0 |
               +--------+--------+--------+--------+--------+-----+--------+

Top non-repeatable levels by time:
     D:4: 1017 daAuts
     D:9: 1007 daAuts
   Orc:2: 982 daAuts
     D:1: 979 daAuts
  Lair:1: 955 daAuts
  Lair:2: 953 daAuts
  Lair:4: 939 daAuts
     D:3: 927 daAuts
     D:2: 906 daAuts
    D:10: 896 daAuts
    D:12: 879 daAuts
    D:13: 857 daAuts
  Lair:5: 818 daAuts
    D:11: 764 daAuts
     D:5: 760 daAuts
